 Dungeon Crawl Stone Soup version 0.19-a0-1206-g6bcb79c (webtiles) character file.

82 epen the Insei (level 4, -2/36 HPs)
             Began as a Demonspawn Monk on Aug 21, 2016.
             Killed from afar by Natasha (10 damage)
             ... with a magic dart
             ... on level 2 of the Dungeon.
             The game lasted 00:01:35 (1428 turns).

epen the Insei (Demonspawn Monk)                    Turns: 1428, Time: 00:01:35

Health: -2/36      AC:  2    Str: 11    XL:     4   Next: 21%
Magic:  4/4        EV: 14    Int: 11    God:
Gold:   41         SH:  0    Dex: 17    Spells: 0 memorised, 3 levels left

rFire  . . .     SeeInvis .       - Unarmed
rCold  . . .     Gourm    .     a - +0 robe
rNeg   . . .     Faith    .     (no shield)
rPois  .         Spirit   .     (no helmet)
rElec  .         Dismiss  .     (no cloak)
rCorr  .         Reflect  .     (no gloves)
MR     .....     Harm     .     (no boots)
Stlth  ++........               (no amulet)
                                (no ring)
                                (no ring)

@: slowed, very slow
A: talons 1, demonic guardian 1, spiny 1
a: no special abilities


You were on level 2 of the Dungeon.
You were not hungry.

You visited 1 branch of the dungeon, and saw 2 of its levels.

You collected 41 gold pieces.

Inventory:

Armour
 a - a +0 robe (worn)
Scrolls
 c - a scroll of amnesia {unknown}
 d - 3 scrolls of remove curse {unknown}
 e - a scroll of blinking {unknown}
 i - 2 scrolls of identify {unknown}
 k - a scroll of teleportation {unknown}
Potions
 j - a potion of flight {unknown}
Comestibles
 b - 3 bread rations
 f - a beef jerky
 g - 2 meat rations
 h - 4 fruits
 l - a slice of pizza
 m - 4 chunks of flesh


   Skills:
 + Level 3.6 Fighting
 + Level 3.2 Dodging
 - Level 1.7 Stealth
 * Level 3.7 Unarmed Combat


You had 3 spell levels left.
You didn't know any spells.

Dungeon Overview and Level Annotations

Branches:
Dungeon (2/15)

Altars:

Annotations:
D:2 Natasha


Innate Abilities, Weirdness & Mutations

You have sharp toenails.
A weak demonic guardian rushes to your aid.
You are partially covered in sharp spines.


Message History

You hit Natasha. You claw Natasha, but do no damage.
Natasha is heavily wounded.
Natasha is struck by your spines. Natasha misses you.
You barely miss Natasha. You claw Natasha, but do no damage.
Natasha is severely wounded.
Natasha claws you but does no damage.
You closely miss Natasha. You claw Natasha, but do no damage.
Natasha is severely wounded.
Natasha claws you.
* * * LOW HITPOINT WARNING * * *
Natasha zaps a wand.
You feel as though you will be slow longer.
You hit Natasha but do no damage.
Natasha is severely wounded.
Natasha casts a spell.
You hit Natasha. You claw Natasha, but do no damage.
Natasha is almost dead.
Natasha stares at you and mumbles some strange words.
The magic dart hits you!
You die...

#.## ... #. #... ...
#.# #..# ..# ..# #..#
#.# #.# #..# #.. #.#
#..# #.# #.# #..# ##†#
#.###5####..# ##.#
#.....h@.(..# ...#
#####.#######
#(.###########.#
.....†.........#######
#.###...#####..(.....#
..# ##..# #.######.#
### #..# #.# ##.##
#..# #.# ##...##
#..#####.####.....##


You could see Natasha and a white imp.

Vanquished Creatures
  Natasha (D:2)
  An adder (D:1)
  A worm (D:2)
  A dart slug (D:1)
  2 giant geckos (D:1)
  A ball python (D:2)
  6 bats
  A giant cockroach (D:1)
  A goblin (D:2)
  2 hobgoblins (D:2)
  11 jackals
  3 kobolds
  3 giant newts (D:1)
  6 rats
40 creatures vanquished.

Vanquished Creatures (collateral kills)
  A rat (D:2)
1 creature vanquished.

Grand Total: 41 creatures vanquished

Notes
Turn   | Place    | Note
-------+----------+-------------------------------------------
     0 | D:1      | epen the Demonspawn Monk began the quest for the Orb.
     0 | D:1      | Reached XP level 1. HP: 18/18 MP: 1/1
    91 | D:1      | Gained mutation: You are partially covered in sharp spines. [demonic ancestry]
    91 | D:1      | Reached XP level 2. HP: 21/24 MP: 2/2
   526 | D:1      | Gained mutation: A weak demonic guardian rushes to your aid. [demonic ancestry]
   526 | D:1      | Reached XP level 3. HP: 21/29 MP: 3/3
  1128 | D:2      | Noticed Natasha
  1138 | D:2      | Killed Natasha
  1138 | D:2      | Gained mutation: You have sharp toenails. [demonic ancestry]
  1138 | D:2      | Reached XP level 4. HP: 13/36 MP: 4/4
  1419 | D:2      | Noticed Natasha
  1428 | D:2      | Killed from afar by Natasha

Vault maps used:
D:1:      saegor_arrival_simple_c, minmay_cupped
D:2:      first_bread, grunt_decor_one_mirror, uniq_natasha

Skill      XL: |  1  2 |
---------------+-------+-----
Unarmed Combat | 3 |  3.7
Dodging        | 3 |  3.2
Fighting       | |  3.6
Stealth        | |  1.7

Action                   |  1- 3 |  4- 6 || total
-------------------------+-------+-------++-------
Melee: Unarmed           |    91 |    21 ||   112
       Punch             |     2 |       ||     2
       Kick              |       |    10 ||    10
 Stab: Sleeping          |     3 |     1 ||     4
  Eat: Chunk             |     1 |     1 ||     2
Armor: Robe              |    17 |     2 ||    19
Dodge: Dodged            |    60 |     4 ||    64
